 Dungeon Crawl Stone Soup version 0.28-a0-199-g298df9dbad (webtiles) character file.

Game seed: 5419201100223629028

196 bande the Shield-Bearer (level 5, 29/29 HPs)
             Began as a Gargoyle Fighter on Aug 19, 2021.
             Quit the game on level 2 of the Dungeon.
             The game lasted 00:02:13 (1654 turns).

bande the Shield-Bearer (Gargoyle Fighter)          Turns: 1654, Time: 00:02:14

Health: 29/29      AC: 11    Str: 19    XL:     5   Next: 74%
Magic:  14/14      EV:  7    Int:  9    God:
Gold:   71         SH:  8    Dex: 10    Spells: 4/4 levels left

rFire   . . .      SeeInvis .   a - +0 war axe
rCold   . . .      Faith    .   c - +0 kite shield
rNeg    + . .      Spirit   .   b - +0 scale mail
rPois   ∞          Reflect  .   (no helmet)
rElec   +          Harm     .   (no cloak)
rCorr   .          Rampage  .   (no gloves)
Will    .....                   (no boots)
Stlth   ..........              (no amulet)
HPRegen 0.09/turn               h - ring of magical power
MPRegen 0.14/turn               (no ring)

@: no status effects
A: sickness immunity, AC +4, negative energy resistance 1, electricity
resistance, torment resistance 1, petrification resistance, hooves 1, frail 1
a: no special abilities


You were on level 2 of the Dungeon.
You visited 1 branch of the dungeon, and saw 2 of its levels.

You collected 71 gold pieces.

Inventory:

Hand Weapons
 a - a +0 war axe (weapon)
Missiles
 m - a throwing net (quivered)
Armour
 b - a +0 scale mail (worn)
 c - a +0 kite shield (worn)
Jewellery
 h - a ring of magical power (left hand)
Scrolls
 i - a scroll of identify
 j - 2 scrolls of noise {unknown}
Potions
 d - a potion of curing
 k - a potion of cancellation {unknown}
 l - a potion of heal wounds {unknown}


   Skills:
 + Level 4.1 Fighting
 + Level 3.5 Axes
 + Level 4.0 Armour
 + Level 1.0 Dodging
 - Level 0.2 Stealth
 + Level 4.2 Shields


You had 4 spell levels left.
You didn't know any spells.
Your spell library contained the following spells:

 Spells                   Type           Power      Damage    Failure   Level
 Ozocubu's Armour         Ice            0%         N/A       100%        3
 Ozocubu's Refrigeration  Ice            0%         4d5       100%        7


Dungeon Overview and Level Annotations

Branches:
Dungeon (2/15)

Altars:


Innate Abilities, Weirdness & Mutations

You are immune to sickness and miasma.
Your stone body is resilient. (AC +4)
You are immune to poison.
You resist negative energy. (rN+)
You are resistant to electric shocks. (rElec)
You are resistant to unholy torment.
You are immune to petrification.
You have large cloven feet.
You are frail. (-10% HP)


Message History

You barely miss the hobgoblin. You block the hobgoblin's attack.
You slash the hobgoblin!
You kill the hobgoblin!
The goblin hits you but does no damage.
You hit the goblin but do no damage. You block the goblin's attack.
You closely miss the goblin. The goblin hits you but does no damage.
The goblin barely misses you.
You miss the goblin. The goblin completely misses you.
The goblin hits you but does no damage.
You miss the goblin. You block the goblin's attack.
You hit the goblin.
You kill the goblin!
No target in view!
No target in view!
No target in view!
No target in view!
No target in view!
No target in view!
Your hearing returns.
Things that are here:
a +0 club; a goblin corpse
As you read the scroll labelled XIDAIN PIBE, it crumbles to dust.
You feel strangely unstable.
It was a scroll of teleportation.
There is a stone staircase leading up here.
Your surroundings suddenly seem different.
There is an open door here.
You see here a rat corpse.
There is a stone staircase leading down here.
j - 2 scrolls labelled KUSOUGGUYPPI (gained 1)
You open the door. You open the door.
There is an open door here.
Found a leather armour.
As you read the scroll labelled BIMEZOJECI, it crumbles to dust.
It is a scroll of identify.
e - a potion of mutation Really quaff the potion of mutation?
You feel extremely strange.
You feel frail.
Your feet thicken and deform.
Are you sure you want to abandon this character and quit the game? (Confirm with "yes".)

#...#######...#
##'###....'...#
#.###.####...###
#...#...........
#######.#######.....
#.......# #.....
#.####### #.....
#...# ###....^ ###@#
#####.......
#[......#
#...'.†...##
#########
#.###.....#
#...####### ###.#
#.# #.# #.#####
#.....#


There were no monsters in sight!

Vanquished Creatures
  Sigmund (D:2)
  4 ball pythons (D:1)
  A bat (D:1)
  8 endoplasms (D:1)
  3 goblins
  3 hobgoblins
  6 jackals (D:1)
  A kobold (D:1)
  2 frilled lizards
  A rat (D:2)
30 creatures vanquished.

Notes
Turn   | Place    | Note
-------+----------+-------------------------------------------
     0 | D:1      | bande the Gargoyle Fighter began the quest for the Orb.
     0 | D:1      | Reached XP level 1. HP: 14/14 MP: 1/1
   121 | D:1      | Reached XP level 2. HP: 15/19 MP: 2/2
   919 | D:1      | Reached XP level 3. HP: 20/23 MP: 3/3
  1264 | D:2      | Noticed Sigmund
  1272 | D:2      | Killed Sigmund
  1273 | D:2      | Reached skill level 1 in Dodging
  1273 | D:2      | Reached XP level 4. HP: 11/29 MP: 4/4
  1273 | D:2      | Reached XP level 5. HP: 13/33 MP: 5/5
  1653 | D:2      | Gained mutation: You are frail. (-10% HP) [potion of
                  | mutation]
  1653 | D:2      | Gained mutation: You have large cloven feet. [potion of
                  | mutation]
  1654 | D:2      | Quit the game

Illustrated notes

Levels and vault maps discovered:
D:1:      lemuel_arrival_broad_hall, layout_basic, minmay_fountain_box
D:2:      cheibrodos_pilgrimage, layout_basic, uniq_sigmund

Skill      XL: |  1  2  3 |
---------------+----------+-----
Axes           | 2 3 |  3.5
Fighting       | 4 |  4.1
Armour         | 4 |  4.0
Dodging        | 1 |  1.0
Shields        | 4 |  4.2
Stealth        | |  0.2

Action                   |  1- 3 |  4- 6 || total
-------------------------+-------+-------++-------
Melee: War axe           |    62 |    16 ||    78
  Use: Scroll            |     2 |     3 ||     5
       Potion            |     1 |     1 ||     2
Armor: Scale mail        |    33 |     5 ||    38
Dodge: Dodged            |    20 |     7 ||    27
Block: Kite shield       |    38 |     6 ||    44

Table legend: (Time is in decaauts)
 A = Elapsed time spent in this place.
 B = Non-inter-level travel time spent in this place.
 C = Inter-level travel time spent in this place.
 D = Time resting spent in this place.
 E = Time spent auto-exploring this place.
 F = Levels seen in this place.
 G = Mean time per level.
                   A        B        C        D        E       F      G
               +--------+--------+--------+--------+--------+-----+--------+
         Total |   1700 |   1700 |      0 |    179 |   1268 |   2 |  850.0 |
       Dungeon |   1700 |   1700 |      0 |    179 |   1268 |   2 |  850.0 |
               +--------+--------+--------+--------+--------+-----+--------+

Top non-repeatable levels by time:
     D:1: 1298 daAuts
     D:2: 401 daAuts
